[Event "ICC tourney 3138 (40 10)"]
[Site "Internet Chess Club"]
[Date "2023.03.04"]
[Round "4"]
[White "STONE, GILBERT L:tightfist"]
[Black "STINSON, RUSSELL:rcstinson"]
[Result "1/2-1/2"]
[ICCResult "Game drawn because neither player has mating material"]
[WhiteElo "1200"]
[BlackElo "1362"]
[Opening "King's Indian, 3.Nf3"]
[ECO "E60"]
[NIC "QP.11"]
[Time "17:45:24"]
[PlyCount "100"]
[TimeControl "2400+10"]

1. Nf3 Nf6 2. c4 g6 3. d4 c5 4. e3 Bg7 5. Nc3 cxd4 6. exd4 d5 7. c5 b6 8.
Bb5+ Bd7 9. Bxd7+ Qxd7 10. O-O Nc6 11. Bf4 Nh5 12. Be3 bxc5 13. dxc5 d4 14.
Ne2 dxe3 15. Qxd7+ Kxd7 16. fxe3 Rhd8 17. Nfd4 Nxd4 18. exd4 Ke8 19. Rad1
Nf6 20. Nc3 Nd5 21. Rf3 Nxc3 22. bxc3 Rd5 23. Rb1 e5 24. Rb7 exd4 25. Rfxf7
Bf8 26. cxd4 Rxd4 27. Rxh7 Bxc5 28. Kf1 Rf4+ 29. Ke2 Re4+ 30. Kf3 Re3+ 31.
Kf4 g5+ 32. Kxg5 Rd8 33. Rh8+ Bf8 34. Rxa7 Re7 35. Ra5 Rd2 36. Ra8+ Kd7 37.
Rhxf8 Rxg2+ 38. Kf4 Rxh2 39. Ra7+ Ke6 40. Rxe7+ Kxe7 41. Ra8 Kd6 42. a4 Ra2
43. Ke4 Kc5 44. a5 Kb5 45. Rb8+ Ka6 46. Kd5 Rxa5+ 47. Kc6 Ka7 48. Rb7+ Ka8
49. Kb6 Rb5+ 50. Kxb5 Kxb7
{Game drawn because neither player has mating material}
1/2-1/2

[Event "ICC tourney 3138 (40 10)"]
[Site "Internet Chess Club"]
[Date "2023.03.04"]
[Round "4"]
[White "Jani, Parv:parvjani17"]
[Black "KRISHNAN, SHREYAS:K01-30058648"]
[Result "0-1"]
[ICCResult "White checkmated"]
[WhiteElo "1339"]
[BlackElo "1127"]
[Opening "Scotch gambit"]
[ECO "C44"]
[NIC "SO.06"]
[Time "17:45:11"]
[PlyCount "84"]
[TimeControl "2400+10"]

1. e4 e5 2. Nf3 Nc6 3. d4 exd4 4. Bc4 h6 5. O-O d6 6. Nxd4 Nxd4 7. Qxd4 Nf6
8. Nc3 Be7 9. Be3 O-O 10. h3 Nh7 11. Nd5 Bf6 12. Nxf6+ Nxf6 13. Bd3 Re8 14.
Rae1 b6 15. f4 c5 16. Qc4 Be6 17. Qc3 d5 18. exd5 Bxd5 19. Bf2 Bc6 20. Rd1
Qc7 21. Bh4 Nd5 22. Qd2 Ne3 23. f5 Nxf1 24. Rxf1 f6 25. Bc4+ Kh7 26. Qd1
Rad8 27. Qh5 Qe5 28. Bf2 Re7 29. Re1 Qc7 30. Re6 Rxe6 31. Qg6+ Kh8 32. fxe6
Rd1+ 33. Bf1 Bb5 34. Bg3 Rxf1+ 35. Kh2 Qd8 36. Qf7 Qe8 37. Bd6 Re1 38. Bf8
Qb8+ 39. g3 Re2+ 40. Kh1 Bc6+ 41. Kg1 Qxg3+ 42. Kf1 Qf2# {White checkmated}
0-1

[Event "ICC tourney 3138 (40 10)"]
[Site "Internet Chess Club"]
[Date "2023.03.04"]
[Round "4"]
[White "DIXIT, RAAJAS KUNAL:raadix028"]
[Black "Krishnan, Ashvath:ashvathk5"]
[Result "0-1"]
[ICCResult "White checkmated"]
[WhiteElo "1265"]
[BlackElo "1393"]
[Opening "Ruy Lopez: closed, Pilnik variation"]
[ECO "C78"]
[NIC "RL.12"]
[Time "17:45:10"]
[PlyCount "112"]
[TimeControl "2400+10"]

1. e4 e5 2. Nf3 Nc6 3. Bb5 a6 4. Ba4 Nf6 5. O-O b5 6. Bb3 Be7 7. d3 O-O 8.
Re1 d6 9. c3 Na5 10. Bc2 c5 11. h3 h6 12. Nbd2 Qc7 13. Nf1 Be6 14. Ng3 Rac8
15. Nf5 Bxf5 16. exf5 Qd7 17. g4 b4 18. Nd2 bxc3 19. bxc3 c4 20. d4 exd4 21.
cxd4 Bd8 22. Ne4 Nxe4 23. Bxe4 d5 24. Bc2 Qd6 25. Qf3 Bc7 26. Qg2 Rfe8 27.
Bd2 f6 28. Ba4 Rxe1+ 29. Rxe1 Rd8 30. Re3 Rb8 31. Re8+ Rxe8 32. Bxe8 Nb7 33.
Be1 Kf8 34. Bg6 Nd8 35. a3 a5 36. Qg3 Qxg3+ 37. fxg3 Bxg3 38. Bxa5 Nc6 39.
Bc3 Bd6 40. a4 Bb4 41. Bxb4+ Nxb4 42. Kf2 Nc2 43. a5 Nxd4 44. Ke3 Nc6 45. a6
Ke7 46. h4 d4+ 47. Kd2 c3+ 48. Kc1 d3 49. g5 Kd6 50. gxh6 gxh6 51. Bh5 Na7
52. Bg4 Kc5 53. Bf3 Kd4 54. Bd1 c2 55. Bf3 Kc3 56. Be4 d2# {White
checkmated} 0-1

[Event "ICC tourney 3138 (40 10)"]
[Site "Internet Chess Club"]
[Date "2023.03.04"]
[Round "5"]
[White "Raczko, Olivia:olivia1407"]
[Black "JAIN, ISHAAN:ishaanj"]
[Result "0-1"]
[ICCResult "White checkmated"]
[WhiteElo "649"]
[BlackElo "903"]
[Opening "French: Tarrasch, Guimard variation"]
[ECO "C04"]
[NIC "FR.15"]
[Time "20:01:04"]
[PlyCount "50"]
[TimeControl "2400+10"]

1. e4 e6 2. d4 d5 3. Nd2 Nc6 4. Ngf3 Bb4 5. c3 Bd6 6. e5 Be7 7. Bd3 f6 8.
exf6 Nxf6 9. O-O O-O 10. Nb3 Bd6 11. Be3 e5 12. dxe5 Nxe5 13. Nxe5 Bxe5 14.
Qc2 b6 15. Bg5 Bxh2+ 16. Kxh2 Ng4+ 17. Kg1 Qxg5 18. Bxh7+ Kh8 19. Bd3 Qh5
20. Rfe1 Qh2+ 21. Kf1 Qh1+ 22. Ke2 Rxf2+ 23. Kd1 Ne3+ 24. Kc1 Qxe1+ 25. Qd1
Qxd1# {White checkmated} 0-1

[Event "ICC tourney 3138 (40 10)"]
[Site "Internet Chess Club"]
[Date "2023.03.04"]
[Round "5"]
[White "John Francis Kennedy, Kevin Andrew:KevinAndrewJFK"]
[Black "KINKUS, SAM E:Grandslam34"]
[Result "1-0"]
[ICCResult "Black resigns"]
[WhiteElo "970"]
[BlackElo "744"]
[Opening "Scandinavian (center counter) defense"]
[ECO "B01"]
[NIC "SD.01"]
[Time "20:00:59"]
[PlyCount "37"]
[TimeControl "2400+10"]

1. e4 d5 2. exd5 Qxd5 3. Nc3 Qa5 4. d4 c6 5. Bd2 Nf6 6. Nf3 Bf5 7. Be2 e6 8.
O-O Nbd7 9. h3 Nd5 10. Nxd5 Qxd5 11. c3 O-O-O 12. b4 Nb6 13. Bf4 Bd6 14.
Bxd6 Rxd6 15. c4 Nxc4 16. b5 Qxb5 17. Rc1 Nb2 18. Bxb5 Nxd1 19. Rfxd1
{Black resigns}
1-0

[Event "ICC tourney 3138 (40 10)"]
[Site "Internet Chess Club"]
[Date "2023.03.04"]
[Round "5"]
[White "SIMO, AARON L:WhereBklnAt"]
[Black "GAW, CHRISTIAN:cman-g"]
[Result "1/2-1/2"]
[ICCResult "Game drawn by mutual agreement"]
[WhiteElo "1496"]
[BlackElo "992"]
[Opening "Vienna gambit"]
[ECO "C29"]
[NIC "VG.04"]
[Time "20:01:03"]
[PlyCount "72"]
[TimeControl "2400+10"]

1. e4 e5 2. Nc3 Nf6 3. f4 d6 4. Bc4 Be7 5. Nf3 Nbd7 6. O-O O-O 7. d4 exd4 8.
Qxd4 c5 9. Qe3 Nb6 10. Bd5 Nbxd5 11. Nxd5 Nxd5 12. exd5 Re8 13. Re1 Bf5 14.
Qb3 Qb6 15. Qxb6 axb6 16. c3 Bf6 17. Bd2 Rad8 18. Kf2 Kf8 19. Rxe8+ Rxe8 20.
Re1 Rxe1 21. Bxe1 Be4 22. b3 Bxd5 23. c4 Bxf3 24. Kxf3 Ke7 25. Ke4 g6 26.
Kd5 Kd7 27. g4 h6 28. h3 g5 29. fxg5 Bxg5 30. Bg3 Be7 31. Bf4 Bg5 32. Bxd6
Be7 33. Bxe7 Kxe7 34. Ke5 f6+ 35. Kf5 Kf7 36. h4 Kg7
{Game drawn by mutual agreement}
1/2-1/2

[Event "ICC tourney 3138 (40 10)"]
[Site "Internet Chess Club"]
[Date "2023.03.04"]
[Round "5"]
[White "BLACK, JACOB L:YashaLB"]
[Black "WILSON, DARRYL J:Combo4U2"]
[Result "1-0"]
[ICCResult "Black resigns"]
[WhiteElo "1019"]
[BlackElo "1252"]
[Opening "English opening"]
[ECO "A13"]
[NIC "EO.64"]
[Time "20:01:00"]
[PlyCount "121"]
[TimeControl "2400+10"]

1. c4 e6 2. Nc3 Ne7 3. d4 c6 4. e4 d5 5. cxd5 exd5 6. exd5 cxd5 7. Nf3 Nbc6
8. Bb5 Bd7 9. Bxc6 bxc6 10. Ne5 Be6 11. Be3 f6 12. Nd3 g6 13. Nc5 Bc8 14.
O-O Bg7 15. Re1 O-O 16. Qc1 Nf5 17. Qd2 Re8 18. Rad1 Nd6 19. b3 g5 20. f4 h6
21. fxg5 fxg5 22. h4 Bg4 23. Rc1 Nf5 24. hxg5 Nxe3 25. Rxe3 Qxg5 26. Rce1
Rxe3 27. Rxe3 Rf8 28. Rd3 Qf5 29. Qe1 Qf4 30. Ne6 Bxe6 31. Qxe6+ Kh8 32. Ne2
Qf2+ 33. Kh2 Rf5 34. Rh3 Rf6 35. Qe8+ Kh7 36. Ng3 Qf4 37. Qe7 Rg6 38. Qxa7
Qxd4 39. Qxd4 Bxd4 40. Nf5 Be5+ 41. Kh1 Rf6 42. Rf3 Kg6 43. Ne7+ Kf7 44.
Rxf6+ Kxf6 45. Nxc6 Kf5 46. Nxe5 Kxe5 47. Kg1 Ke4 48. Kf1 Ke3 49. Ke1 d4 50.
a4 d3 51. a5 d2+ 52. Kd1 Kd3 53. a6 Ke3 54. a7 Kf2 55. a8=Q h5 56. Qf3+ Kg1
57. Qxh5 Kxg2 58. b4 Kf2 59. b5 Ke3 60. b6 Kd4 61. b7 {Black resigns} 1-0

[Event "ICC tourney 3138 (40 10)"]
[Site "Internet Chess Club"]
[Date "2023.03.04"]
[Round "5"]
[White "VUYYURU, SHRIYAN:loudcertainlava"]
[Black "Ledas, Armandas:ArmandasLedas"]
[Result "1/2-1/2"]
[ICCResult "Game drawn by repetition"]
[WhiteElo "1421"]
[BlackElo "1479"]
[Opening "Queen's pawn: Charlick (Englund) gambit"]
[ECO "A40"]
[NIC "QO.17"]
[Time "20:00:57"]
[PlyCount "94"]
[TimeControl "2400+10"]

1. d4 e5 2. e3 exd4 3. exd4 Nf6 4. Nf3 d5 5. Be2 Bd6 6. O-O h6 7. Re1 O-O 8.
h3 Bf5 9. c3 Nbd7 10. Be3 c6 11. Nbd2 Re8 12. Nb3 Ne4 13. Nbd2 Ndf6 14. Nxe4
Nxe4 15. Nd2 Qc7 16. Nxe4 Bxe4 17. Bf3 Bf4 18. Bxe4 Rxe4 19. Bxf4 Qxf4 20.
Rxe4 Qxe4 21. Qe1 Re8 22. Qxe4 Rxe4 23. Kf1 Kf8 24. Rd1 Ke7 25. Rd3 f5 26.
Rg3 Kf6 27. Rd3 g5 28. f3 Re7 29. Kf2 f4 30. Rd2 Kf5 31. Rd3 h5 32. a3 Re6
33. Rd2 Re3 34. g4+ hxg4 35. hxg4+ Kf6 36. Rd1 Re7 37. Rh1 Kg6 38. Rh8 a6
39. Rg8+ Kf6 40. Rh8 Kg6 41. Rd8 Kf6 42. Rh8 Kg6 43. Rh1 Re3 44. Rd1 Re7 45.
Rh1 Re3 46. Rd1 Re7 47. Rh1 Re3 {Game drawn by repetition} 1/2-1/2

[Event "ICC tourney 3138 (40 10)"]
[Site "Internet Chess Club"]
[Date "2023.03.04"]
[Round "5"]
[White "Yan, Rayna:K01-30157975"]
[Black "Li, Marissa:meichen"]
[Result "1-0"]
[ICCResult "Black checkmated"]
[WhiteElo "1032"]
[BlackElo "932"]
[Opening "Ruy Lopez: 5.O-O"]
[ECO "C78"]
[NIC "RL.12"]
[Time "20:00:57"]
[PlyCount "51"]
[TimeControl "2400+10"]

1. e4 e5 2. Nf3 Nc6 3. Bb5 a6 4. Ba4 Nf6 5. O-O b5 6. Bb3 Bc5 7. c3 d5 8.
exd5 Nxd5 9. Re1 Bg4 10. h3 Bxf3 11. Qxf3 Nce7 12. Rxe5 c6 13. Bxd5 cxd5 14.
d4 Bb6 15. Bf4 O-O 16. Nd2 b4 17. Rae1 Re8 18. Qg4 bxc3 19. bxc3 Rc8 20. Bg5
f6 21. Bxf6 g6 22. Qg5 Rxc3 23. Qh6 Nf5 24. Rxe8+ Qxe8 25. Rxe8+ Kf7 26.
Qf8# {Black checkmated} 1-0

[Event "ICC tourney 3138 (40 10)"]
[Site "Internet Chess Club"]
[Date "2023.03.04"]
[Round "5"]
[White "GAW, ZACHARY:zman-g"]
[Black "ENGTRO, GEIR:Gengeng"]
[Result "1-0"]
[ICCResult "Black checkmated"]
[WhiteElo "972"]
[BlackElo "894"]
[Opening "Sicilian defense"]
[ECO "B30"]
[NIC "SI.31"]
[Time "20:00:55"]
[PlyCount "145"]
[TimeControl "2400+10"]

1. e4 c5 2. Nf3 Nc6 3. Bc4 e6 4. Nc3 Be7 5. d3 a6 6. a3 b5 7. Bb3 e5 8. O-O
Nf6 9. Ng5 O-O 10. Nf3 Bb7 11. Nd5 Nxd5 12. Bxd5 Ra7 13. Bxc6 Bxc6 14. Nxe5
d6 15. Nxc6 Qd7 16. Nxa7 Qxa7 17. Qg4 g6 18. Bh6 Rd8 19. Bg5 d5 20. Bxe7
Qxe7 21. exd5 Rxd5 22. Qe4 Re5 23. Qa8+ Kg7 24. f4 Re2 25. Qf3 Rxc2 26. Rf2
Rxf2 27. Qxf2 Qf6 28. Rd1 c4 29. dxc4 bxc4 30. Qd4 a5 31. Qxf6+ Kxf6 32. Rc1
Kf5 33. Rxc4 h5 34. Rc5+ Kxf4 35. Rxa5 f5 36. Ra6 g5 37. b4 Ke5 38. b5 Kd5
39. b6 Kc6 40. Kf2 Kb7 41. Ra5 Kxb6 42. Rxf5 g4 43. Rxh5 Kc6 44. Kg3 Kd6 45.
Kxg4 Ke6 46. Rf5 Kd6 47. h4 Ke6 48. h5 Ke7 49. h6 Ke6 50. h7 Ke7 51. h8=Q
Ke6 52. Qe8+ Kd6 53. a4 Kc7 54. a5 Kb7 55. Rb5+ Ka6 56. Qc6+ Ka7 57. Rb8
Kxb8 58. Qb6+ Ka8 59. Qb5 Ka7 60. Kf5 Ka8 61. g4 Ka7 62. g5 Ka8 63. g6 Ka7
64. g7 Ka8 65. g8=Q+ Ka7 66. Qf7+ Ka8 67. Qfd5+ Ka7 68. Qdd7+ Ka8 69. Qbc6+
Kb8 70. Qd8+ Ka7 71. Qc5+ Kb7 72. Qd7+ Kb8 73. Qcc8# {Black checkmated} 1-0

[Event "ICC tourney 3138 (40 10)"]
[Site "Internet Chess Club"]
[Date "2023.03.04"]
[Round "5"]
[White "STINSON, RUSSELL:rcstinson"]
[Black "HAMLETT, JAMES MORRISON:Hamlett144"]
[Result "1-0"]
[ICCResult "Black resigns"]
[WhiteElo "1362"]
[BlackElo "1200"]
[Opening "Nimzovich-Larsen attack: modern variation"]
[ECO "A01"]
[NIC "VO.08"]
[Time "20:00:55"]
[PlyCount "63"]
[TimeControl "2400+10"]

1. b3 e5 2. Bb2 Nc6 3. e3 d5 4. Bb5 Bd6 5. f4 Qe7 6. Nf3 Bg4 7. h3 Bxf3 8.
Qxf3 e4 9. Qg3 f6 10. Nc3 Qe6 11. Qxg7 O-O-O 12. Qxh8 Qf7 13. Nxd5 Qxd5 14.
Bxc6 Qxc6 15. Qxh7 Qxc2 16. Bc3 Be7 17. Qf5+ Kb8 18. O-O Ba3 19. Bxf6 Rf8
20. Qa5 Rxf6 21. Qxa3 Qxd2 22. Rfe1 Rd6 23. Rad1 Qxd1 24. Rxd1 Rxd1+ 25. Kf2
Rd6 26. Qb2 Nf6 27. Qe5 b6 28. g4 Kc8 29. g5 Nd7 30. Qe8+ Kb7 31. Qxe4+ c6
32. g6 {Black resigns} 1-0

[Event "ICC tourney 3138 (40 10)"]
[Site "Internet Chess Club"]
[Date "2023.03.04"]
[Round "5"]
[White "KRISHNAN, SHREYAS:K01-30058648"]
[Black "Schwartz, Douglas S:Douglas1"]
[Result "1/2-1/2"]
[ICCResult "Game drawn by mutual agreement"]
[WhiteElo "1127"]
[BlackElo "1397"]
[Opening "Sicilian: Taimanov (Bastrikov) variation"]
[ECO "B47"]
[NIC "SI.40"]
[Time "20:01:02"]
[PlyCount "43"]
[TimeControl "2400+10"]

1. e4 c5 2. Nf3 e6 3. d4 cxd4 4. Nxd4 Nc6 5. Nc3 Qc7 6. g3 a6 7. Bg2 Nf6 8.
O-O Be7 9. Bg5 h6 10. Be3 O-O 11. a3 Na5 12. Qf3 Nc4 13. Bf4 e5 14. Nf5 exf4
15. Nxe7+ Kh8 16. Ncd5 Nxd5 17. Nxd5 Qe5 18. Nxf4 Kg8 19. Rfe1 Qxb2 20. Qb3
Qxb3 21. cxb3 Ne5 22. Rad1 {Game drawn by mutual agreement} 1/2-1/2

[Event "ICC tourney 3138 (40 10)"]
[Site "Internet Chess Club"]
[Date "2023.03.04"]
[Round "5"]
[White "DIXIT, RAAJAS KUNAL:raadix028"]
[Black "GARROW, JOSHUA:jgarrow4924"]
[Result "1/2-1/2"]
[ICCResult "Game drawn by mutual agreement"]
[WhiteElo "1265"]
[BlackElo "1079"]
[Opening "Sicilian: Nimzovich-Rossolimo attack (without ...d6)"]
[ECO "B30"]
[NIC "SI.31"]
[Time "20:00:59"]
[PlyCount "62"]
[TimeControl "2400+10"]

1. e4 c5 2. Nf3 Nc6 3. Bb5 e6 4. O-O Nge7 5. c3 d5 6. exd5 exd5 7. d4 c4 8.
Re1 a6 9. Bxc6+ bxc6 10. Bf4 Bg4 11. Nbd2 h6 12. Qc2 Be6 13. Ne5 Qc8 14. Qa4
f6 15. Nef3 Ng6 16. Bg3 Be7 17. Re3 Bd7 18. Qd1 Kf7 19. Qe2 Re8 20. Re1 Bf8
21. Rxe8 Qxe8 22. Qxe8+ Rxe8 23. Rxe8 Kxe8 24. b3 cxb3 25. axb3 Ke7 26. Kf1
Ke6 27. Ke2 Bd6 28. Ke3 f5 29. Bxd6 Kxd6 30. g3 Ne7 31. Ne5 Ng8
{Game drawn by mutual agreement}
1/2-1/2

[Event "ICC tourney 3138 (40 10)"]
[Site "Internet Chess Club"]
[Date "2023.03.04"]
[Round "5"]
[White "Krishnan, Ashvath:ashvathk5"]
[Black "ANGEL, BORYS:BArkadia"]
[Result "1-0"]
[ICCResult "Black checkmated"]
[WhiteElo "1393"]
[BlackElo "1399"]
[Opening "Scotch game"]
[ECO "C45"]
[NIC "SO.04"]
[Time "20:00:57"]
[PlyCount "91"]
[TimeControl "2400+10"]

1. e4 e5 2. Nf3 Nc6 3. d4 exd4 4. Nxd4 d6 5. Nxc6 bxc6 6. Bd3 Be7 7. O-O Nf6
8. h3 O-O 9. Be3 d5 10. e5 Nd7 11. f4 f5 12. Nd2 Nc5 13. Nf3 Nxd3 14. Qxd3
a5 15. Qc3 c5 16. Bxc5 Ba6 17. Rfe1 Bb7 18. Nd4 Qd7 19. Rad1 Ra6 20. Bxe7
Qxe7 21. Qd3 g6 22. c3 Rb6 23. Rd2 Ba6 24. Qe3 Rd8 25. Nb3 a4 26. Nc5 Bb5
27. Red1 Bc6 28. c4 d4 29. Rxd4 Rxd4 30. Qxd4 g5 31. Nd3 g4 32. hxg4 fxg4
33. f5 g3 34. f6 Qe8 35. Nf4 Rb8 36. e6 Qc8 37. f7+ Kf8 38. Qc5+ Kg7 39.
Qg5+ Kf8 40. e7+ Kxf7 41. Rd8 Qb7 42. Qg8+ Kf6 43. Qe6+ Kg5 44. Nh3+ Kh5 45.
Qf5+ Kh6 46. Qg5# {Black checkmated} 1-0

[Event "ICC tourney 3138 (40 10)"]
[Site "Internet Chess Club"]
[Date "2023.03.04"]
[Round "5"]
[White "Sprague, David J:psychopathetiq"]
[Black "STONE, GILBERT L:tightfist"]
[Result "0-1"]
[ICCResult "White resigns"]
[WhiteElo "1131"]
[BlackElo "1200"]
[Opening "French: King's Indian attack"]
[ECO "C00"]
[NIC "FR.02"]
[Time "20:01:03"]
[PlyCount "54"]
[TimeControl "2400+10"]

1. e4 e6 2. d3 e5 3. Nd2 Nf6 4. g3 d5 5. Bg2 c6 6. Ne2 Bg4 7. O-O Nbd7 8. f3
Bh5 9. g4 Bg6 10. h4 h6 11. Rf2 Bc5 12. d4 exd4 13. Nb3 Bb6 14. Nbxd4 dxe4
15. g5 hxg5 16. Bxg5 Qc7 17. fxe4 Ng4 18. Bf4 Nde5 19. Rf1 O-O-O 20. Bg5 f6
21. Qd2 fxg5 22. Qxg5 Bxd4+ 23. Nxd4 Rxd4 24. Bh3 Nf3+ 25. Kg2 Nxg5 26.
Bxg4+ Kb8 27. Rf4 Qxf4 {White resigns} 0-1